 Dungeon Crawl Stone Soup version 0.26.1-10-gdfb7c7de75 (webtiles) character file.

Game seed: 13567027530712558270

1976 Eitelfritz the Slasher (level 9, -7/75 HPs)
             Began as a Hill Orc Fighter on Apr 4, 2021.
             Was a Follower of the Shining One.
             Mangled by an orc warrior
             ... wielding a +0 dire flail
              (18 damage)
             ... on level 7 of the Dungeon.
             The game lasted 00:17:28 (6286 turns).

Eitelfritz the Slasher (Hill Orc Fighter)           Turns: 6286, Time: 00:17:29

Health: -7/75      AC: 10    Str: 22    XL:     9   Next: 20%
Magic:  12/12      EV:  9    Int:  8    God:    the Shining One [*.....]
Gold:   292        SH: 11    Dex: 10    Spells: 8/8 levels left

rFire    + + .     SeeInvis .   a - +0 long sword
rCold    + . .     Faith    .   c - +1 kite shield
rNeg     . . .     Spirit   .   b - +0 scale mail
rPois    +         Reflect  .   (no helmet)
rElec    +         Harm     .   (no cloak)
rCorr    +         Rampage  .   (no gloves)
Will     .....                  e - +2 pair of boots
Stlth    ..........             (no amulet)
HPRegen  0.22/turn              h - ring of poison resistance
MPRegen  0.13/turn              y - ring of protection from fire

@: mighty, resistant, glowing
A: no striking features
a: Renounce Religion


You were on level 7 of the Dungeon.
You worshipped the Shining One.
The Shining One was aware of your devotion.
You visited 2 branches of the dungeon, and saw 8 of its levels.

You collected 292 gold pieces.

Inventory:

Hand Weapons
 a - a +0 long sword (weapon)
 r - a +2 vorpal mace
Missiles
 i - 8 boomerangs (quivered)
Armour
 b - a +0 scale mail (worn)
 c - a +1 kite shield (worn)
 e - a +2 pair of boots (worn)
 g - a +0 chain mail
 s - a +0 plate armour
Jewellery
 h - a ring of poison resistance (left hand)
 u - an uncursed ring of protection from cold
 v - an uncursed ring of wizardry
 y - a ring of protection from fire (right hand)
Wands
 t - a wand of polymorph (9)
Scrolls
 m - 2 scrolls of teleportation {unknown}
 o - 3 scrolls of remove curse
 w - 2 scrolls of random uselessness {unknown}
 x - a scroll of identify
 B - a scroll of fog {unknown}
Potions
 d - 2 potions of attraction {unknown}
 f - 2 potions of berserk rage
 j - a potion of ambrosia
 k - a potion of haste
 l - 2 potions of mutation
 n - a potion of invisibility
 p - 3 potions of brilliance
 q - 2 potions of resistance
 z - a potion of flight {unknown}


   Skills:
 + Level 6.2 Fighting
 + Level 7.2 Long Blades
 + Level 2.6 Throwing
 + Level 6.2 Armour
 + Level 2.0 Dodging
 + Level 0.9 Stealth
 + Level 5.8 Shields
 * Level 5.2 Invocations


You had 8 spell levels left.
You didn't know any spells.
Your spell library was empty.

Dungeon Overview and Level Annotations

Branches:
Dungeon (7/15)             Temple (1/1) D:4

Altars:
Ashenzari
Cheibriados
Elyvilon
Gozag
Hepliaklqana
Kikubaaqudgha
Makhleb
Nemelex Xobeh
Okawaru
Qazlal
Ru
Sif Muna
Trog
Uskayaw
Vehumet
Wu Jian
Xom
Yredelemnul
Zin
The Shining One

Shops:
D:5 (*(

Annotations:
D:5 1 runed translucent door, Crazy Yiuf


Message History

The centaur wields a +0 shortbow.
The centaur shoots an arrow.
The arrow hits you.
* * * LOW HITPOINT WARNING * * *
The jackal barely misses you.
The orc warrior throws a boomerang.
The boomerang barely misses you.
The weapon returns to the orc warrior!
The centaur shoots an arrow.
The arrow hits you.
* * * LOW HITPOINT WARNING * * *
You hear two shouts!
You slash the jackal!
You kill the jackal!
The centaur shoots an arrow.
The arrow hits you.
* * * LOW HITPOINT WARNING * * *
The orc warrior throws a boomerang.
You block the boomerang.
The weapon returns to the orc warrior!
A two-headed ogre comes into view. It is wielding two +0 giant clubs.
The two-headed ogre shouts in stereo!
The centaur unwields a +0 shortbow.
The centaur hits you.
* * * LOW HITPOINT WARNING * * *
The orc warrior hits you with a +0 dire flail!!
You die...

#.# ..... #.##
.... #.. ##...
#.. ....# #.#
#.O.# #.# #o..#
##.######oo.#
#####.....†(@co.#
#..††).#######o.#
## ##.###)### ..#
.###o.o...... o.#
....yo....### ..#
..........# ..#
._....##..# #.#
......##.... .#
.............


You could see a two-headed ogre, an orc warrior, a centaur and 4 orcs.

Vanquished Creatures
  Grinder (D:4)
  A water moccasin (D:5)
  An orc warrior (D:7)
  A phantom (D:4)
  A centaur (D:5)
  A bullfrog (D:6)
  4 killer bees (D:7)
  10 wights
  A howler monkey (D:4)
  A centaur skeleton (D:4)
  A jelly (D:7)
  A gnoll shaman (D:6)
  2 hounds
  2 orc priests
  2 orc wizards (D:7)
  4 worker ants
  A killer bee zombie (D:5)
  11 gnolls
  11 adders
  A shadow imp (D:2)
  An ooze (D:1)
  A worm (D:4)
  3 dart slugs
  3 leopard geckos
  18 orcs
  7 giant cockroaches
  9 goblins
  6 hobgoblins
  6 jackals
  A quokka (D:4)
  2 ball pythons
  12 bats
  3 frilled lizards
  7 kobolds
  2 rats
139 creatures vanquished.

Notes
Turn   | Place    | Note
-------+----------+-------------------------------------------
     0 | D:1      | Eitelfritz the Hill Orc Fighter began the quest for the
                  | Orb.
     0 | D:1      | Reached XP level 1. HP: 19/19 MP: 1/1
   342 | D:1      | Reached XP level 2. HP: 27/27 MP: 2/2
   607 | D:1      | Reached XP level 3. HP: 31/33 MP: 3/3
  1349 | D:2      | Reached skill level 3 in Long Blades
  1616 | D:2      | Reached XP level 4. HP: 26/40 MP: 4/4
  2562 | D:3      | Reached skill level 1 in Throwing
  2562 | D:3      | Reached XP level 5. HP: 25/47 MP: 5/5
  3150 | D:4      | Found a staircase to the Ecumenical Temple.
  3317 | D:4      | Reached XP level 6. HP: 51/53 MP: 6/6
  3345 | D:4      | Reached skill level 1 in Dodging
  3347 | D:4      | Noticed a phantom
  3386 | D:4      | Killed a phantom
  3387 | D:4      | Reached skill level 4 in Long Blades
  3418 | Temple   | Entered the Ecumenical Temple
  3616 | Temple   | Became a worshipper of the Shining One
  3691 | D:4      | Noticed Grinder
  3704 | D:4      | Paralysed by Grinder for 4 turns
  3713 | D:4      | Paralysed by Grinder for 5 turns
  3728 | D:4      | Killed Grinder
  3729 | D:4      | Reached skill level 5 in Fighting
  3729 | D:4      | Reached skill level 5 in Long Blades
  3729 | D:4      | Reached skill level 1 in Invocations
  3729 | D:4      | Reached XP level 7. HP: 20/61 MP: 6/8
  4276 | D:5      | Entered Level 5 of the Dungeon
  4309 | D:5      | Found Udeleuts's Weapon Boutique.
  4309 | D:5      | Found Tustuxt's General Store.
  4312 | D:5      | Found Namyadisk's Antique Weapon Boutique.
  4315 | D:5      | Found Cucveg's Antique Armour Boutique.
  4350 | D:5      | Found a shimmering altar of Xom.
  4475 | D:5      | Reached skill level 5 in Armour
  4877 | D:5      | Reached XP level 8. HP: 36/68 MP: 8/10
  5072 | D:5      | Found a runed translucent door.
  5073 | D:5      | Noticed Crazy Yiuf
  5185 | D:5      | Found a snail-covered altar of Cheibriados.
  5729 | D:6      | Reached skill level 6 in Long Blades
  5922 | D:6      | Reached skill level 5 in Shields
  6072 | D:6      | Noticed a two-headed ogre
  6127 | D:7      | Found a burning altar of Makhleb.
  6160 | D:7      | Reached * piety under the Shining One
  6241 | D:7      | Reached XP level 9. HP: 12/75 MP: 12/12
  6249 | D:7      | Reached skill level 7 in Long Blades
  6252 | D:7      | Reached skill level 5 in Invocations
  6286 | D:7      | Noticed a two-headed ogre
  6286 | D:7      | Mangled by an orc warrior

Illustrated notes

Levels and vault maps discovered:
D:1:      dpeg_arrival_oval, layout_basic, minivault_27
D:2:      layout_rooms
D:3:      layout_rooms, grunt_ministairs_8, st_stairs_7
D:4:      layout_cave_pools, temple_pool_b, uniq_grinder
D:5:      layout_basic, general_overflow_altar, xom_teletrap_fun,
          minmay_shop_grid_forest, uniq_crazy_yiuf_cottage
D:6:      layout_cave_pools
D:7:      layout_loops_ring, enter_ossuary_1, basic_altar, nrook_campfire,
          chequers_serial_rivers_marsh
Temple:   hc_temple_tempest_star

Skill      XL: |  1  2  3  4  5  6  7  8  9 |
---------------+----------------------------+-----
Fighting       | 4 5 6 |  6.2
Long Blades    | 3 5 6 7 |  7.2
Armour         | 4 5 6 |  6.2
Throwing       | 1 2 |  2.6
Dodging        | 1 2 |  2.0
Shields        | 4 5 |  5.8
Invocations    | 1 3 4 5 |  5.2
Stealth        | |  0.9

Action                   |  1- 3 |  4- 6 |  7- 9 || total
-------------------------+-------+-------+-------++-------
Melee: Long sword        |   123 |   189 |   260 ||   572
Throw: Boomerang         |       |    26 |    28 ||    54
  Use: Potion            |       |     2 |     4 ||     6
       Scroll            |       |     9 |     1 ||    10
Armor: Scale mail        |    50 |    84 |    93 ||   227
Dodge: Dodged            |    51 |    58 |    90 ||   199
Block: Kite shield       |    68 |    92 |   187 ||   347
       Rpst.: Long sword |    12 |    17 |    24 ||    53
